 Dungeon Crawl Stone Soup version 0.21.1-1-g345015fe64 (webtiles) character file.

248 Oravi the Changer (level 6, 0/43 HPs)
             Began as a Merfolk Transmuter on May 2, 2018.
             Slain by an adder (4 damage)
             ... on level 3 of the Dungeon.
             The game lasted 00:05:38 (2085 turns).

Oravi the Changer (Merfolk Transmuter)              Turns: 2085, Time: 00:05:38

Health: 0/43       AC:  2    Str: 10    XL:     6   Next: 12%
Magic:  6/9        EV: 21    Int: 14    God:
Gold:   153        SH:  0    Dex: 20    Spells: 3/9 levels left

rFire    . . .     SeeInvis .     - Unarmed
rCold    . . .     Gourm    .   (shield currently unavailable)
rNeg     . . .     Faith    .   (armour currently unavailable)
rPois    x         Spirit   .   (helmet currently unavailable)
rElec    .         Reflect  .   (cloak currently unavailable)
rCorr    .         Harm     .   (gloves currently unavailable)
MR       .....                  (boots currently unavailable)
Stlth    ++........             (no amulet)
HPRegen  0.14/turn              (no ring)
MPRegen  0.11/turn              (no ring)

@: spider-form (expiring)
A: tiny, (change form in water), (swift swim), (stealthy swim)
a: End Transformation


You were on level 3 of the Dungeon.
You were not hungry.
You were a venomous arachnid creature.
You visited 1 branch of the dungeon, and saw 3 of its levels.

You collected 153 gold pieces.

Inventory:

Missiles
 a - 38 arrows
 e - 115 stones (quivered)
Armour
 b - a +0 robe (melded)
Jewellery
 k - an uncursed ring of fire {unknown}
 p - an uncursed ring of protection from magic {unknown}
Scrolls
 f - 3 scrolls of teleportation {unknown}
 g - 2 scrolls of enchant armour {unknown}
 j - a scroll of blinking {unknown}
 l - a scroll of magic mapping {unknown}
 m - 3 scrolls of remove curse {unknown}
 o - 2 scrolls of identify {unknown}
 q - a scroll of immolation {unknown}
Potions
 h - a potion of curing {unknown}
 i - 3 potions of haste
 r - a potion of mutation {unknown}
Books
 c - a book of Changes

   Spells                             Type                      Level
   a - Beastly Appendage              Transmutation                1
   b - Sticks to Snakes               Transmutation                2
   c - Spider Form                    Transmutation/Poison         3
   d - Ice Form                       Ice/Transmutation            4
   e - Blade Hands                    Transmutation                5
Comestibles
 d - 5 rations
 n - 8 chunks of flesh


   Skills:
 + Level 1.4 Fighting
 + Level 3.0 Dodging
 + Level 5.0 Unarmed Combat
 - Level 2.0 Spellcasting
 + Level 5.3 Transmutations
 + Level 2.7 Poison Magic


You had 3 spell levels left.
You knew the following spells:

 Your Spells              Type           Power        Failure   Level  Hunger
a - Beastly Appendage     Tmut           ###...       10%         1    ##.....
b - Sticks to Snakes      Tmut           ###.....     13%         2    ###....
c - Spider Form           Tmut/Pois      ##........   32%         3    ####...


Dungeon Overview and Level Annotations

Branches:
Dungeon (3/15)

Altars:
Dithmenos
Makhleb
Vehumet

Annotations:
D:3 Natasha


Message History

You barely miss the adder. The adder bites you.
Natasha zaps a wand.
The puff of flame hits you!
It is a wand of flame (25).
The adder barely misses you.
You are too injured to fight recklessly!
You are too injured to fight recklessly!
You are too injured to fight recklessly!
You are too injured to fight recklessly!
Your transformation is almost over.
You hit Natasha.
Natasha is poisoned.
Natasha is lightly wounded.
Natasha claws you. The adder closely misses you.
You hit Natasha.
Natasha looks even sicker.
Natasha is moderately wounded.
The adder completely misses you. Natasha completely misses you.
You hit Natasha but do no damage.
Natasha looks as sick as possible!
Natasha is moderately wounded.
The adder closely misses you.
Natasha zaps a wand.
The puff of flame hits you!
* * * LOW HITPOINT WARNING * * *
The adder bites you.
You die...

.....###...#.###....####.
......... [.##........#.
......#.. ............#.
......... ##.............
........###..............
........##.............##
........##.............##
..?....S...............#.
.......#s#...........##..
.......h................#
.......#?...........)....
.......?...........#.###.
........##............###
.......# #..........#.#
....... ............#...
......###...............
..#. #...............


You could see Natasha and an adder.

Vanquished Creatures
  Sigmund (D:2)
  A worker ant (D:2)
  An adder (D:2)
  2 dart slugs (D:1)
  3 leopard geckos (D:2)
  3 giant cockroaches (D:2)
  3 goblins
  5 hobgoblins
  6 jackals
  8 kobolds
  2 quokkas (D:2)
  A ball python (D:2)
  6 bats
  4 frilled lizards
  5 rats
51 creatures vanquished.

Notes
Turn   | Place    | Note
-------+----------+-------------------------------------------
     0 | D:1      | Oravi the Merfolk Transmuter began the quest for the Orb.
     0 | D:1      | Reached XP level 1. HP: 15/15 MP: 3/3
    90 | D:1      | Reached XP level 2. HP: 3/21 MP: 3/5
  1018 | D:1      | Reached XP level 3. HP: 26/26 MP: 4/6
  1259 | D:1      | Learned a level 2 spell: Sticks to Snakes
  1263 | D:1      | Learned a level 3 spell: Spider Form
  1304 | D:2      | Noticed Sigmund
  1315 | D:2      | Killed Sigmund
  1315 | D:2      | Reached skill level 5 in Transmutations
  1315 | D:2      | Reached XP level 4. HP: 32/32 MP: 3/7
  1315 | D:2      | Reached XP level 5. HP: 37/37 MP: 3/8
  1664 | D:2      | Reached skill level 5 in Unarmed Combat
  1664 | D:2      | Reached XP level 6. HP: 43/43 MP: 4/9
  1956 | D:2      | Found a burning altar of Makhleb.
  1956 | D:2      | Found a radiant altar of Vehumet.
  1957 | D:2      | Found a shadowy altar of Dithmenos.
  2077 | D:3      | Noticed Natasha
  2085 | D:3      | Slain by an adder

Skill      XL: |  1  2  3  4  5 |
---------------+----------------+-----
Transmutations | 3 5 |  5.3
Unarmed Combat | 4 5 |  5.0
Poison Magic   | 2 |  2.7
Dodging        | 3 |  3.0
Fighting       | |  1.4
Spellcasting   | |  2.0

Action                   |  1- 3 |  4- 6 || total
-------------------------+-------+-------++-------
Melee: Unarmed           |    78 |    63 ||   141
       Headbutt          |     5 |     1 ||     6
       Punch             |     1 |       ||     1
Throw: Stone             |     9 |       ||     9
 Cast: Beastly Appendage |    15 |     1 ||    16
       Spider Form       |     1 |    14 ||    15
 Stab: Sleeping          |       |     2 ||     2
  Eat: Chunk             |     1 |     5 ||     6
Armor: Robe              |    25 |     5 ||    30
       Skin              |       |     2 ||     2
Dodge: Dodged            |    80 |    57 ||   137
